 Dungeon Crawl Stone Soup version 0.30-a0-586-g23e55c9e0a (webtiles) character file.

Game seed: 10075510391326683891

5924 zero the Thaumaturge (level 10, -5/52 HPs)
             Began as a Deep Elf Earth Elementalist on Jan 3, 2023.
             Was an Elder of Kikubaaqudgha.
             Slain by an acid dragon (10 damage)
             ... on level 10 of the Dungeon.
             The game lasted 00:17:57 (11334 turns).

zero the Thaumaturge (Deep Elf Earth Elementalist) Turns: 11334, Time: 00:17:57

Health: -5/52      AC:  5    Str:  5    XL:     10   Next: 53%
Magic:  14/26      EV: 14    Int: 25    God:    Kikubaaqudgha [****..]
Gold:   504        SH:  0    Dex: 15    Spells: 3/29 levels left

rFire   . . .      SeeInvis .    C - staff of death
rCold   . . .      Faith    .    (no shield)
rNeg    + . .      Spirit   .    a - +0 robe
rPois   .          Reflect  .    (no helmet)
rElec   .          Harm     .    (no cloak)
rCorr   .          Rampage  .    F - +2 pair of gloves
Will    ++...                    (no boots)
Stlth   ++                       L - amulet of the acrobat
HPRegen 0.28/turn                I - ring of willpower
MPRegen 0.20/turn                H - +4 ring of protection

@: corroded, very slightly contaminated
A: no striking features
a: Renounce Religion, Unearth Wretches


You were on level 10 of the Dungeon.
You worshipped Kikubaaqudgha.
Kikubaaqudgha was greatly pleased with you.
You visited 3 branches of the dungeon, and saw 12 of its levels.
You also visited: Sewer.

You collected 504 gold pieces.

Inventory:

Hand Weapons
 w - a +1 whip of freezing
Missiles
 l - 4 javelins
Armour
 a - a +0 robe (worn)
 F - a +2 pair of gloves (worn)
Magical Staves
 q - a staff of cold
 C - a staff of death (weapon)
Jewellery
 A - a ring of resist corrosion
 H - a +4 ring of protection (right hand)
 I - a ring of willpower (left hand)
 L - an amulet of the acrobat (around neck)
Wands
 t - a wand of polymorph (7)
 M - a wand of paralysis (7)
Scrolls
 d - 5 scrolls of teleportation {unknown}
 f - 3 scrolls of fear {unknown}
 h - 3 scrolls of vulnerability {unknown}
 j - 2 scrolls of summoning {unknown}
 m - 11 scrolls of identify {unknown}
 n - 3 scrolls of fog {unknown}
 o - 2 scrolls of amnesia {unknown}
 r - 3 scrolls of enchant armour {unknown}
 u - 2 scrolls of immolation {unknown}
 v - a scroll of brand weapon {unknown}
 y - a scroll of noise {unknown}
 B - a scroll of magic mapping {unknown}
 J - a scroll of enchant weapon {unknown}
 K - a scroll of torment {unknown}
Potions
 b - 3 potions of magic
 c - a potion of resistance {unknown}
 e - 2 potions of berserk rage {unknown}
 g - 6 potions of might {unknown}
 i - 3 potions of lignification {unknown}
 k - 3 potions of heal wounds {unknown}
 p - 3 potions of curing {unknown}
 s - 2 potions of brilliance {unknown}
 x - 3 potions of mutation {unknown}
 z - 4 potions of haste {unknown}
 D - a potion of invisibility {unknown}
 E - a potion of attraction {unknown}
 G - a potion of cancellation {unknown}


   Skills:
 - Level 1.0 Fighting
 - Level 5.0 Dodging
 - Level 2.4 Stealth
 - Level 10.0 Spellcasting
 - Level 5.0 Conjurations
 + Level 7.0 Necromancy
 - Level 1.0 Translocations
 + Level 6.6 Transmutations
 + Level 4.1 Ice Magic
 - Level 10.0 Earth Magic


You had 3 spell levels left.
You knew the following spells:

 Your Spells              Type           Power      Damage    Failure   Level
a - Sandblast             Erth           100%       2d20      1%          1
b - Stone Arrow           Conj/Erth      100%       3d13      1%          3
c - Passwall              Tmut/Erth      43%        N/A       1%          2
d - Iron Shot             Conj/Erth      25%        9d5       34%         6
e - Simulacrum            Ice/Necr       28%        N/A       58%         6
f - Death Channel         Necr           32%        N/A       38%         6
Z - Sublimation of Blood  Necr           64%        N/A       1%          2

Your spell library contained the following spells:

 Spells                   Type           Power      Damage    Failure   Level
 Kiss of Death            Conj/Necr      100%       2d13      1%          1
 Necrotise                Necr           100%       1d9       1%          1
 Vampiric Draining        Necr           64%        2d10      1%          3
 Blink                    Tloc           34%        N/A       4%          2
 Dazzling Flash           Conj/Hex       50%        N/A       5%          3
 Ignite Poison            Fire/Tmut/Pois 23%        N/A       6%          3
 Gell's Gravitas          Tloc           17%        N/A       10%         3
 Teleport Other           Tloc           17%        N/A       10%         3
 Kindle Blastsparks       Fire/Tloc/Air  28%        2d12      13%         3
 Petrify                  Tmut/Erth      52%        N/A       1%          4
 Animate Dead             Necr           64%        N/A       2%          4
 Dispel Undead            Necr           64%        3d22      2%          4
 Animate Armour           Summ/Erth      74%        N/A       6%          4
 Agony                    Necr           64%        N/A       8%          5
 Blade Hands              Tmut           22%        N/A       9%          5
 Anguish                  Hex/Necr       22%        N/A       12%         4
 Iskenderun's Mystic Bla  Conj/Tloc      27%        2d7       14%         4
 Manifold Assault         Tloc           17%        N/A       32%         4
 Freezing Cloud           Conj/Ice/Air   13%        6-21      36%         5
 Starburst                Conj/Fire      12%        6d5       95%         6
 Dispersal                Tloc           8%         N/A       99%         6
 Haunt                    Necr/Summ      22%        N/A       100%        7
 Storm Form               Tmut/Air       14%        N/A       100%        7
 Infestation              Necr           32%        N/A       100%        8


Dungeon Overview and Level Annotations

Branches:
Dungeon (10/15)            Temple (1/1) D:5            Lair (1/5) D:8
    Orc (0/2) D:9           Sewer (visited)

Altars:
Dithmenos
Elyvilon
Kikubaaqudgha
Okawaru
Ru
Sif Muna
Uskayaw
Yredelemnul
The Shining One

Annotations:
D:8 exclusion: downstairs


Message History

You climb downwards.
There is a stone staircase leading up here.
An acid dragon is nearby!
The acid dragon roars!
You hear an angry buzzing noise.
Casting: Sandblast (safe; 1% risk of failure)
Confirm with . or Enter, or press ? or * to list all spells.
Aiming: Stone Arrow (safe; 1% risk of failure)
Press: ? - help, Shift-Dir - straight line, f - acid dragon
Aim: an acid dragon (78% to hit)
The stone arrow misses the acid dragon.
Casting: Stone Arrow (safe; 1% risk of failure)
Confirm with . or Enter, or press ? or * to list all spells.
Aiming: Stone Arrow (safe; 1% risk of failure)
Press: ? - help, Shift-Dir - straight line, f/p - acid dragon
Aim: an acid dragon (78% to hit)
The stone arrow misses the acid dragon.
The acid dragon spits acid at you. The splash of acid hits you!!!
Ouch! That really hurt!
* * * LOW HITPOINT WARNING * * *
The acid corrodes you!
You hear an angry buzzing noise.
Casting: Stone Arrow (safe; 1% risk of failure)
Confirm with . or Enter, or press ? or * to list all spells.
Aiming: Stone Arrow (safe; 1% risk of failure)
Press: ? - help, Shift-Dir - straight line, f/p - acid dragon
Aim: an acid dragon (78% to hit)
The stone arrow misses the acid dragon.
The acid dragon bites you!
* * * LOW HITPOINT WARNING * * *
The acid dragon closely misses you.
Casting: Stone Arrow (safe; 1% risk of failure)
Confirm with . or Enter, or press ? or * to list all spells.
Aiming: Stone Arrow (safe; 1% risk of failure)
Press: ? - help, Shift-Dir - straight line, f/p - acid dragon
Aim: an acid dragon (78% to hit)
You miscast Stone Arrow.
You are very lightly contaminated with residual magic.
Nothing appears to happen.
The acid dragon bites you!
You die...
Kikubaaqudgha rasps: "You have failed me!
Welcome... death!"

###
..#
#.#
#D#
#@#
#<#
#.#
#.#
#.#
#.#
#..
#.#
.##


You could see an acid dragon.

Vanquished Creatures
  A centaur warrior (D:8)
  A manticore (D:9)
  Joseph (D:8)
  Grinder (D:3)
  A wyvern (D:8)
  A yak (D:8)
  A shadow (D:9)
  2 swamp worms (D:7)
  3 water moccasins
  3 orc warriors
  2 sky beasts
  An ice beast (D:8)
  2 ogres
  3 centaurs
  A phantom (D:4)
  3 kobold brigands
  3 necrophages
  5 bullfrogs
  A gnoll sergeant (D:7)
  2 scorpions (D:6)
  7 killer bees
  5 howler monkeys
  5 hounds
  A jelly (D:5)
  7 orc priests
  2 iguanas
  10 orc wizards
  8 adders
  5 gnolls (D:7)
  5 river rats
  2 white imps
  5 ufetubi
  2 worms
  A dart slug (D:3)
  34 orcs
  2 bats
  2 endoplasms
  3 giant cockroaches
  4 goblins
  6 hobgoblins
  6 jackals
  31 kobolds
  4 quokkas
  11 ball pythons
  7 frilled lizards
  27 rats
  A spectral orc (D:5)
241 creatures vanquished.

Vanquished Creatures (others)
  3 plants (D:7)
3 creatures vanquished.

Grand Total: 244 creatures vanquished

Notes
Turn   | Place    | Note
-------+----------+-------------------------------------------
     0 | D:1      | zero the Deep Elf Earth Elementalist began the quest for
                  | the Orb.
     0 | D:1      | Reached XP level 1. HP: 10/10 MP: 6/6
   456 | D:1      | Reached XP level 2. HP: 11/15 MP: 5/8
   611 | D:1      | Reached skill level 1 in Conjurations
   738 | D:1      | Reached skill level 1 in Translocations
  1181 | D:2      | Learned a level 2 spell: Passwall
  1198 | D:2      | Reached XP level 3. HP: 19/19 MP: 8/10
  1274 | D:2      | Learned a level 3 spell: Stone Arrow
  1812 | D:3      | Noticed Grinder
  2408 | D:3      | Reached XP level 4. HP: 24/24 MP: 9/12
  2803 | D:4      | Noticed a phantom
  2876 | D:4      | Reached skill level 5 in Spellcasting
  2876 | D:4      | Reached skill level 5 in Earth Magic
  2876 | D:4      | Reached XP level 5. HP: 28/28 MP: 10/14
  2911 | D:4      | Noticed a sky beast
  3229 | D:3      | Found a shimmering blue altar of Sif Muna.
  3253 | D:3      | Reached skill level 1 in Necromancy
  3709 | D:4      | Reached XP level 6. HP: 31/32 MP: 12/16
  3781 | D:4      | Killed a sky beast
  4027 | D:5      | Entered Level 5 of the Dungeon
  4171 | D:5      | Reached XP level 7. HP: 22/36 MP: 8/18
  4680 | D:5      | Found a staircase to the Ecumenical Temple.
  4697 | Temple   | Entered the Ecumenical Temple
  4705 | Temple   | Became a worshipper of Kikubaaqudgha
  4935 | D:5      | Found a basalt altar of Yredelemnul.
  5102 | D:6      | Found a glowing drain.
  5183 | Sewer    | Entered a sewer
  5451 | Sewer    | Reached * piety under Kikubaaqudgha
  5451 | Sewer    | Received a gift from Kikubaaqudgha
  5462 | Sewer    | Learned a level 2 spell: Sublimation of Blood
  5469 | Sewer    | Learned a level 6 spell: Iron Shot
  5740 | Sewer    | Reached XP level 8. HP: 20/41 MP: 15/21
  5911 | D:6      | Reached ** piety under Kikubaaqudgha
  5983 | D:6      | Found a white marble altar of Elyvilon.
  6133 | D:6      | Reached skill level 5 in Conjurations
  6133 | D:6      | Reached skill level 5 in Transmutations
  7033 | D:3      | Killed Grinder
  7299 | D:7      | Reached skill level 5 in Necromancy
  7301 | D:7      | Reached XP level 9. HP: 25/45 MP: 12/24
  7875 | D:7      | Reached skill level 10 in Spellcasting
  8267 | D:7      | Reached *** piety under Kikubaaqudgha
  8267 | D:7      | Received a gift from Kikubaaqudgha
  8345 | D:6      | Learned a level 6 spell: Simulacrum
  8352 | D:6      | Learned a level 6 spell: Death Channel
  8863 | D:8      | Noticed Joseph
  8868 | D:8      | Killed Joseph
  8869 | D:8      | Reached skill level 1 in Fighting
  8869 | D:8      | Reached skill level 1 in Ice Magic
  8982 | D:8      | Noticed a centaur warrior
  9121 | D:10     | Entered Level 10 of the Dungeon
  9180 | D:8      | Found a hide-covered altar of Uskayaw.
  9638 | D:8      | Killed a centaur warrior
  9639 | D:8      | Reached XP level 10. HP: 14/52 MP: 16/26
  9796 | D:8      | Found a staircase to the Lair.
 10104 | Lair:1   | Entered Level 1 of the Lair of Beasts
 10104 | Lair:1   | Noticed a cane toad
 10189 | D:9      | Noticed a manticore
 10193 | D:9      | Killed a manticore
 10349 | D:9      | Reached skill level 5 in Dodging
 10508 | D:9      | Reached **** piety under Kikubaaqudgha
 10728 | D:9      | Found a staircase to the Orcish Mines.
 10734 | D:9      | Reached skill level 10 in Earth Magic
 11334 | D:10     | Slain by an acid dragon

Illustrated notes

Levels and vault maps discovered:
D:1:      sevenhm_arrival_forest_fort_small_6, layout_basic
D:2:      layout_loops_ring
D:3:      layout_loops_cross, led_sif_book, serial_glass, glass_columns_c,
          glass_columns_c, glass_columns_b, glass_columns_b, glass_columns_b,
          glass_columns_b, uniq_grinder
D:4:      layout_loops_ring, chequers_serial_rivers_micro_b
D:5:      layout_basic, yredelemnul_forgotten_temple_becter,
          minmay_temple_entry_trees
D:6:      layout_cave_pods, mainiacjoe_overflow_chevrons,
          cheibrodos_sewer_entry_sluice
D:7:      layout_cave_pools, kennysheep_cluttered_room, worms_lemuel
D:8:      layout_basic, lemuel_crystal_altar, minmay_chambers_of_fives,
          uniq_joseph
D:9:      layout_loops_corners, david_orc_3
D:10:     layout_loops_ring, lemuel_doored_altar, lemuel_round_altar,
          nicolae_rejected_hall
Temple:   nicolae_temple_bog_church
Lair:1:   layout_gridlike, grunt_forest_small_clearings, serial_bayou_pond_d,
          lemuel_fruit_tree

Skill      XL: |  1  2  3  4  5  6  7  8  9 10 |
---------------+-------------------------------+-----
Conjurations   | 1 2 3 4 5 |  5.0
Translocations | 1 |  1.0
Earth Magic    | 4 5 6 9 10 | 10.0
Spellcasting   | 4 5 6 7 9 10 | 10.0
Necromancy     | 1 2 5 6 7 |  7.0
Transmutations | 2 3 4 5 6 |  6.6
Fighting       | 1 |  1.0
Dodging        | 4 5 |  5.0
Ice Magic      | 2 4 |  4.1
Stealth        | |  2.4

Action                   |  1- 3 |  4- 6 |  7- 9 | 10-12 || total
-------------------------+-------+-------+-------+-------++-------
Melee: Staff             |       |     4 |     7 |       ||    11
 Cast: Sandblast         |    51 |    38 |   157 |    37 ||   283
       Stone Arrow       |       |    12 |    77 |    24 ||   113
Armor: Robe              |     2 |     7 |    26 |     5 ||    40
Dodge: Dodged            |    18 |    28 |    87 |    11 ||   144

Table legend: (Time is in decaauts)
 A = Elapsed time spent in this place.
 B = Non-inter-level travel time spent in this place.
 C = Inter-level travel time spent in this place.
 D = Time resting spent in this place.
 E = Time spent auto-exploring this place.
 F = Levels seen in this place.
 G = Mean time per level.
                   A        B        C        D        E       F      G
               +--------+--------+--------+--------+--------+-----+--------+
         Total |  11518 |  10785 |    733 |   2854 |   6269 |  13 |  886.0 |
       Dungeon |  10752 |  10026 |    726 |   2605 |   6003 |  10 | 1075.2 |
        Temple |     17 |     11 |      6 |      0 |      0 |   1 |   17.0 |
          Lair |      1 |      1 |      0 |      0 |      0 |   1 |    1.0 |
         Sewer |    747 |    747 |      0 |    249 |    266 |   1 |  747.0 |
               +--------+--------+--------+--------+--------+-----+--------+

Top non-repeatable levels by time:
     D:6: 1450 daAuts
     D:8: 1393 daAuts
     D:7: 1278 daAuts
     D:1: 1244 daAuts
     D:9: 1236 daAuts
     D:3: 1184 daAuts
     D:5: 1087 daAuts
     D:4: 1065 daAuts
     D:2: 801 daAuts
   Sewer: 747 daAuts
  Temple: 17 daAuts
    D:10: 10 daAuts
  Lair:1: 1 daAuts
